 Dungeon Crawl Stone Soup version 0.26-a0-651-gb41185065b (webtiles) character file.

Game seed: 15215479100573291551

10009 Azzok the Severer (level 11, -2/75 HPs)
             Began as a Demonspawn Berserker on Oct 11, 2020.
             Was a High Priest of Trog.
             Slain by a wyvern (15 damage)
             ... summoned by an orange crystal statue
             ... on level 9 of the Dungeon.
             The game lasted 00:17:36 (13646 turns).

Azzok the Severer (Demonspawn Berserker)           Turns: 13646, Time: 00:17:37

Health: -2/75      AC: 11    Str: 27    XL:     11   Next: 30%
Magic:  11/11      EV: 11    Int: 19    God:    Trog [*****.]
Gold:   650        SH:  4    Dex: 18    Spells: 10/10 levels left

rFire    . . .     SeeInvis .   s - +4 broad axe (vorpal)
rCold    + . .     Faith    .   w - +0 buckler
rNeg     . . .     Spirit   .   f - +0 chain mail
rPois    .         Reflect  .   L - +0 helmet of Adaiqeaw {Int+6}
rElec    .         Harm     .   r - +0 cloak
rCorr    .         Rampage  .   (gloves unavailable)
MR       .....                  u - +0 pair of boots of Analysis {rC+ Int+4}
Stlth    ..........             (no amulet)
HPRegen  0.22/turn              k - +6 ring of dexterity
MPRegen  0.12/turn              y - +6 ring of strength

@: mighty, studying Polearms, lightly drained
A: claws 3, repulsion field 2, demonic guardian 2, powered by pain 2
a: Berserk, Trog's Hand, Brothers in Arms, Renounce Religion


You were on level 9 of the Dungeon.
You worshipped Trog.
Trog was extremely pleased with you.
You visited 1 branch of the dungeon, and saw 11 of its levels.

You collected 650 gold pieces.

Inventory:

Hand Weapons
 s - a +4 vorpal broad axe (weapon)
 H - a +1 broad axe of flaming
Armour
 f - a +0 chain mail (worn)
 h - a +0 kite shield
 r - a +0 cloak (worn)
 u - the +0 pair of boots of Analysis (worn) {rC+ Int+4}
   (You found it on level 4 of the Dungeon)

   It affects your intelligence (+4).
   It protects you from cold.
 w - a +0 buckler (worn)
 L - the +0 helmet of Adaiqeaw (worn) {Int+6}
   (You found it on level 9 of the Dungeon)

   It affects your intelligence (+6).
Jewellery
 k - a +6 ring of dexterity (left claw)
 l - an uncursed ring of resist corrosion
 n - an uncursed ring of see invisible
 v - an uncursed ring of ice
 y - a +6 ring of strength (right claw)
 J - an uncursed ring of protection from fire {unknown}
Wands
 o - a wand of flame (50)
 x - a wand of enslavement (4)
 C - a wand of iceblast (7)
 D - a wand of random effects (23)
 E - a wand of polymorph (17)
 F - a wand of disintegration (8)
Scrolls
 a - 3 scrolls of magic mapping {unknown}
 b - 5 scrolls of remove curse
 c - 4 scrolls of teleportation {unknown}
 e - a scroll of amnesia {unknown}
 g - 2 scrolls of enchant armour {unknown}
 m - 2 scrolls of immolation
 p - a scroll of fear {unknown}
 A - a scroll of random uselessness {unknown}
 B - 2 scrolls of blinking {unknown}
 K - 2 scrolls of identify
Potions
 d - 7 potions of curing
 i - 2 potions of heal wounds
 j - a potion of haste
 q - 4 potions of stabbing
 t - a potion of lignification
 z - 3 potions of flight
 I - 4 potions of might
Books
 G - a manual of Polearms


   Skills:
 - Level 3.0(2.9) Fighting
 + Level 15.6 Axes
 - Level 1.7 Armour
 - Level 1.7 Dodging


You had 10 spell levels left.
You didn't know any spells.
Your spell library was empty.

Dungeon Overview and Level Annotations

Branches:
Dungeon (11/15)            Temple (0/1) D:7            Lair (0/6) D:9
    Orc: D:9-12

Altars:
Ashenzari
Cheibriados
Elyvilon
Fedhas
Hepliaklqana
Kikubaaqudgha
Okawaru
Sif Muna
Trog
Vehumet
Xom
Zin
The Shining One
Beogh

Shops:
D:10 :

Annotations:
D:9 exclusion: orange crystal statue


Innate Abilities, Weirdness & Mutations

You have claws for hands.
You are surrounded by a moderate repulsion field. (EV +3)
A demonic guardian rushes to your aid.
You sometimes gain power by taking damage.


Message History

The lava snake dies!
Trog accepts your kill.
The wyvern hisses menacingly.
Your soul eater hits the wyvern!
You bump into the rock wall.
You barely miss the wyvern.
The wyvern is severely wounded.
The wyvern bites you.
* * * LOW HITPOINT WARNING * * *
The wyvern barely misses you.
Your soul eater hits the wyvern but does no damage.
Your soul eater disappears in a puff of smoke!
The wyvern bites you!
* * * LOW HITPOINT WARNING * * *
You feel less confused.
The wyvern bites you but does no damage.
The wyvern barely misses you.
You see here a -4 ring of evasion.
The wyvern bites you!
You die...

·▒▒▒▒▒ ▒▒▒·········>·········
····?·▒▒▒
▒·▒···▒▒▒·▒▒▒▒▒▒▒▒▒·
········▒▒ ▒·▒·▒▒▒ ▒·······▒
▒· ···$·····▒
▒·▒·▒▒▒▒▒▒▒▒▒▒▒·▒ ▒·
···§·····▒▒ ▒·▒·▒▒···▒ ▒·
·§≈§······▒▒ ▒·▒·▒▒···▒ ▒·
§≈≈≈§······▒ ▒····'··<▒ ▒·
§≈≈≈·≈·····▒▒▒▒▒·▒▒···▒▒▒▒ ▒·
§l§≈≈··········l@············
▒·
8>··≈≈§···▒▒▒▒▒▒▒▒·▒▒▒▒▒▒▒▒▒▒
▒· ≈§·$§§§··········▒·▒ ▒·
§≈≈§§······▒▒▒▒▒·▒·▒ ▒·
§···§······▒ ▒§▒▒▒▒▒▒▒▒▒▒▒▒▒·
·············
▒·§·)···········
·········▒·▒▒▒
▒▒▒▒▒▒▒▒▒▒▒▒▒▒▒▒ ········▒▒·▒
·······▒▒ ·▒


You could see a wyvern (summoned).

Vanquished Creatures
  A two-headed ogre (D:10)
  An obsidian statue (D:9)
  An ugly thing (D:11)
  Maurice (D:8)
  A komodo dragon (D:10)
  2 slime creatures (D:5)
  A hippogriff (D:11)
  A hornet (D:9)
  A shadow (D:11)
  A yak (D:11)
  A human (D:8)
  Menkaure (D:4)
  3 orc warriors
  A black bear (D:7)
  2 phantoms (D:4)
  2 sky beasts
  A hornet zombie (D:7)
  2 ice beasts
  3 ogres
  6 centaurs
  Blork the orc (D:6)
  6 big kobolds
  3 bullfrogs
  A gnoll sergeant (D:6)
  A wyvern skeleton (D:10)
  4 scorpions
  9 killer bees
  12 wights
  A howler monkey (D:7)
  3 centaur zombies
  A bullfrog zombie (D:7)
  3 jellies
  4 hounds
  5 orc priests
  4 bullfrog skeletons
  4 iguanas
  Natasha (thrice) (D:2)
  5 worker ants
  8 orc wizards
  A hound zombie (D:8)
  3 gnolls (D:2)
  2 howler monkey skeletons
  14 adders
  3 shadow imps
  A white imp (D:10)
  2 oozes (D:5)
  3 worms
  9 leopard geckos
  59 orcs
  2 ball pythons
  8 bats
  5 giant cockroaches
  4 hobgoblins
  11 jackals
  19 kobolds
  7 quokkas
  8 frilled lizards
  9 goblins
  A leopard gecko zombie (D:5)
  A quokka skeleton (D:4)
  A quokka zombie (D:9)
  14 rats
  A toadstool (D:5)
299 creatures vanquished.

Vanquished Creatures (collateral kills)
  An ugly thing (D:11)
  Maggie (D:8)
  A hornet (D:10)
  A hippogriff (D:10)
  2 yaks (D:11)
  Eustachio (D:6)
  A human (D:8)
  An ice beast (D:6)
  An orc warrior (D:8)
  A gnoll sergeant (D:6)
  2 killer bees
  2 lava snakes (D:9)
  A quasit (D:10)
  An orc priest (D:3)
  4 jellies (D:5)
  An orc wizard (D:3)
  A worker ant (D:11)
  A worker ant zombie (D:8)
  A howler monkey skeleton (D:11)
  An ooze (D:5)
  2 dart slugs
  6 orcs
  A kobold (D:5)
  A rat (D:3)
36 creatures vanquished.

Vanquished Creatures (others)
  3 fungi (D:5)
  8 plants
  7 toadstools (D:5)
18 creatures vanquished.

Grand Total: 353 creatures vanquished

Notes
Turn   | Place    | Note
-------+----------+-------------------------------------------
     0 | D:1      | Azzok the Demonspawn Berserker began the quest for the Orb.
     0 | D:1      | Reached XP level 1. HP: 18/18 MP: 1/1
   121 | D:1      | Reached skill level 3 in Axes
   128 | D:1      | Gained mutation: You sometimes gain a little power by
                  | taking damage. [demonic ancestry]
   128 | D:1      | Reached XP level 2. HP: 18/24 MP: 2/2
  1309 | D:2      | Reached ** piety under Trog
  1314 | D:2      | Gained mutation: You have sharp fingernails. [demonic
                  | ancestry]
  1314 | D:2      | Reached XP level 3. HP: 29/29 MP: 3/3
  1324 | D:2      | Reached skill level 4 in Axes
  1684 | D:2      | Gained mutation: You are surrounded by a mild repulsion
                  | field. (EV +2) [demonic ancestry]
  1684 | D:2      | Reached XP level 4. HP: 31/35 MP: 4/4
  2526 | D:2      | Noticed Natasha
  2535 | D:2      | Killed Natasha
  2535 | D:2      | Reached skill level 5 in Axes
  2748 | D:2      | Gained mutation: A weak demonic guardian rushes to your
                  | aid. [demonic ancestry]
  2748 | D:2      | Reached XP level 5. HP: 41/41 MP: 5/5
  3030 | D:2      | Noticed Natasha
  3037 | D:2      | Killed Natasha
  3140 | D:2      | Found an ancient bone altar of Kikubaaqudgha.
  3140 | D:2      | Found a bloodstained altar of Trog.
  3140 | D:2      | Found a snail-covered altar of Cheibriados.
  3142 | D:2      | Found a shimmering blue altar of Sif Muna.
  3144 | D:2      | Found a white marble altar of Elyvilon.
  3296 | D:2      | Noticed Natasha
  3305 | D:2      | Killed Natasha
  3449 | D:3      | Reached skill level 6 in Axes
  3450 | D:3      | Gained mutation: You have very sharp fingernails. [demonic
                  | ancestry]
  3450 | D:3      | Reached XP level 6. HP: 47/47 MP: 6/6
  3624 | D:3      | Reached *** piety under Trog
  4744 | D:4      | Got a pair of encrusted boots
  4781 | D:4      | Reached **** piety under Trog
  4869 | D:4      | Reached skill level 7 in Axes
  4892 | D:4      | Gained mutation: You have claws for hands. [demonic
                  | ancestry]
  4892 | D:4      | Reached XP level 7. HP: 17/52 MP: 7/7
  5404 | D:4      | Reached skill level 8 in Axes
  5576 | D:4      | Identified the +0 pair of boots of Analysis {rC+ Int+4}
                  | (You found it on level 4 of the Dungeon)
  5800 | D:4      | Noticed Menkaure
  5805 | D:4      | Killed Menkaure
  5941 | D:5      | Entered Level 5 of the Dungeon
  6021 | D:5      | Reached skill level 9 in Axes
  6021 | D:5      | Gained mutation: A demonic guardian rushes to your aid.
                  | [demonic ancestry]
  6021 | D:5      | Reached XP level 8. HP: 58/58 MP: 8/8
  6119 | D:5      | Noticed a slime creature
  6119 | D:5      | Noticed a slime creature
  6133 | D:5      | Killed a slime creature
  6133 | D:5      | Reached skill level 10 in Axes
  6136 | D:5      | Killed a slime creature
  6538 | D:5      | Found a shimmering altar of Xom.
  6937 | D:6      | Noticed Eustachio
  6937 | D:6      | Noticed Blork the orc
  6947 | D:6      | Killed Eustachio
  6950 | D:6      | Killed Blork the orc
  6950 | D:6      | Reached skill level 11 in Axes
  6950 | D:6      | Reached XP level 9. HP: 63/63 MP: 9/9
  7157 | D:6      | Found a radiant altar of Vehumet.
  7242 | D:6      | Found a broken altar of Ashenzari.
  7399 | D:6      | Found a hazy altar of Hepliaklqana.
  7429 | D:6      | Found a shimmering altar of Xom.
  7429 | D:6      | Found a glowing silver altar of Zin.
  7477 | D:6      | Found an iron altar of Okawaru.
  7486 | D:6      | Noticed an angel
  7593 | D:7      | Reached ***** piety under Trog
  7807 | D:7      | Found a staircase to the Ecumenical Temple.
  7906 | D:7      | Reached skill level 12 in Axes
  8741 | D:8      | Received a gift from Trog
  8980 | D:8      | Noticed Maurice
  8985 | D:8      | Killed Maurice
  9082 | D:8      | Reached skill level 13 in Axes
  9083 | D:8      | Found a blossoming altar of Fedhas.
  9139 | D:8      | Found a roughly hewn altar of Beogh.
  9140 | D:8      | Gained mutation: You sometimes gain power by taking damage.
                  | [demonic ancestry]
  9140 | D:8      | Reached XP level 10. HP: 37/70 MP: 10/10
  9456 | D:8      | Found an iron altar of Okawaru.
  9631 | D:8      | Noticed Maggie
  9638 | D:8      | Killed Maggie
  9877 | D:8      | Found a glowing golden altar of the Shining One.
 10236 | D:9      | Found a staircase to the Lair.
 10288 | D:9      | Noticed an obsidian statue
 10742 | D:10     | Entered Level 10 of the Dungeon
 10769 | D:10     | Noticed a two-headed ogre
 10780 | D:10     | Killed a two-headed ogre
 10780 | D:10     | Reached skill level 14 in Axes
 11485 | D:9      | Noticed an orange crystal statue
 12458 | D:10     | Found Viezog's Book Emporium.
 12663 | D:10     | Reached skill level 15 in Axes
 12663 | D:10     | Gained mutation: You are surrounded by a moderate repulsion
                  | field. (EV +3) [demonic ancestry]
 12663 | D:10     | Reached XP level 11. HP: 75/75 MP: 11/11
 12969 | D:9      | Killed an obsidian statue
 12976 | D:9      | Got a masterwork helmet
 12979 | D:9      | Identified the Compendium of Venomous Conjuration
 13086 | D:10     | Identified the +0 helmet of Adaiqeaw {Int+6} (You found it
                  | on level 9 of the Dungeon)
 13306 | D:11     | Received a gift from Trog
 13350 | D:11     | Noticed a cyan ugly thing
 13353 | D:11     | Noticed a red ugly thing
 13358 | D:11     | Killed a cyan ugly thing
 13362 | D:11     | Killed a red ugly thing
 13646 | D:9      | Slain by a wyvern

Illustrated notes

Levels and vault maps discovered:
D:1:      minmay_arrival_loop, layout_basic, minmay_misc_feat_doors,
          lexackson_kobold_supper
D:2:      layout_loops_ring, minitemple, minmay_stone_trees_small,
          minmay_pentomino_v2, uniq_natasha
D:3:      layout_basic, hex_large
D:4:      minmay_general_purpose_star, layout_loops_ring, uniq_menkaure
D:5:      cheibrodos_fertilizer, layout_loops_cross, basic_altar
D:6:      layout_basic, grunt_temple_overflow_order_and_chaos_1,
          kennysheep_mini_moat, evilmike_ruin_ashenzari, vehumet_crystals,
          nicolae_overflow_hidden_temple, sword_in_stone
D:7:      layout_loops_ring, minmay_temple_entry_fiery
D:8:      layout_basic, lemuel_coloured_pillars_altar,
          overflow_temple_1_default, special_room [special_room_orc],
          minmay_fountain_box, minmay_misc_feat_five, okawaru_humans,
          uniq_maggie, uniq_maurice
D:9:      layout_basic, lair_entry_dummy, minivault_15, grunt_decor_clamped,
          disabler_island
D:10:     layout_grid_maze, serial_glass, glass_columns_c, glass_columns_b,
          serial_shops, shop, minivault_20
D:11:     layout_basic, orc_0_dummy, serial_bayou_pond_e, grunt_dithmenos_smoke

Skill      XL: |  1  2  3  4  5  6  7  8  9 10 |
---------------+-------------------------------+-----
Axes           | 3 4 5 6 7 9 11 13 15 | 15.6
Fighting       | |  3.0
Armour         | |  1.7
Dodging        | |  1.7

Action                   |  1- 3 |  4- 6 |  7- 9 | 10-12 || total
-------------------------+-------+-------+-------+-------++-------
Melee: Hand axe          |   119 |   219 |       |       ||   338
       War axe           |       |    37 |   374 |    33 ||   444
       Broad axe         |       |       |       |   246 ||   246
Invok: Berserk           |     3 |     5 |     5 |     6 ||    19
  Use: Scroll            |       |     1 |     8 |     5 ||    14
       Potion            |       |       |       |     1 ||     1
 Stab: Distracted        |       |     1 |     1 |       ||     2
Armor: Animal skin       |    15 |       |       |       ||    15
       Chain mail        |    50 |   118 |   139 |    96 ||   403
Dodge: Dodged            |    77 |    81 |   139 |   109 ||   406
Block: Kite shield       |       |    77 |    13 |       ||    90
       Buckler           |       |       |    46 |    38 ||    84

Table legend: (Time is in decaauts)
 A = Elapsed time spent in this place.
 B = Non-inter-level travel time spent in this place.
 C = Inter-level travel time spent in this place.
 D = Time resting spent in this place.
 E = Time spent auto-exploring this place.
 F = Levels seen in this place.
 G = Mean time per level.
                   A        B        C        D        E       F      G
               +--------+--------+--------+--------+--------+-----+--------+
         Total |  13841 |  13477 |    364 |   1755 |   9442 |  11 | 1258.3 |
       Dungeon |  13841 |  13477 |    364 |   1755 |   9442 |  11 | 1258.3 |
               +--------+--------+--------+--------+--------+-----+--------+

Top non-repeatable levels by time:
     D:2: 1928 daAuts
    D:10: 1767 daAuts
     D:1: 1516 daAuts
     D:9: 1402 daAuts
     D:4: 1363 daAuts
     D:8: 1316 daAuts
     D:3: 1279 daAuts
     D:7: 1115 daAuts
     D:5: 959 daAuts
     D:6: 706 daAuts
    D:11: 487 daAuts
